 Dungeon Crawl Stone Soup version 0.31-a0-1338-gb567cfdca4 (webtiles) character file.

Game seed: 7917695522927999570

103 wildpjah the Trooper (level 4, 0/38 HPs)
             Began as a Barachi Fighter on Dec 22, 2023.
             Slain by an ufetubus (1 damage)
             ... on level 4 of the Dungeon.
             The game lasted 00:03:42 (2182 turns).

wildpjah the Trooper (Barachi Fighter)              Turns: 2182, Time: 00:03:42

Health: 0/38       AC:  7    Str: 17      XL:     4   Next: 79%
Magic:  4/4        EV:  6    Int:  8      God:
Gold:   127        SH:  4    Dex: 11 (14) Spells: 3/3 levels left

rFire   . . .        a - +0 long sword
rCold   . . .        c - +0 buckler
rNeg    . . .        b - +0 scale mail
rPois   .            (no helmet)
rElec   .            (no cloak)
rCorr   .            (no gloves)
SInv    .            (no boots)
Will    .....        (no amulet) Stlth
                     (no ring)
HPRegen 0.26/turn    (no ring)
MPRegen 0.09/turn

%: no passive effects
@: constricted, slow
A: amphibious, slowness 1, strong legs 1, +LOS
a: Hop


You were on level 4 of the Dungeon.
You visited 1 branch of the dungeon, and saw 4 of its levels.

You collected 127 gold pieces.

Inventory:

Hand Weapons
 a - a +0 long sword (weapon)
Armour
 b - a +0 scale mail (worn)
 c - a +0 buckler (worn)
Wands
 k - a wand of iceblast (11)
Scrolls
 f - 2 scrolls of teleportation {unknown}
 g - a scroll of identify {unknown}
 h - 2 scrolls of poison {unknown}
 i - a scroll of immolation {unknown}
 m - a scroll of noise {unknown}
 o - a scroll of vulnerability {unknown}
 p - a scroll of fear {unknown}
Potions
 d - a potion of might
 e - a potion of ambrosia {unknown}
 j - a potion of resistance {unknown}
 l - 2 potions of attraction {unknown}
 n - a potion of haste {unknown}
 q - 2 potions of curing {unknown}


   Skills:
 + Level 4.4 Fighting
 + Level 4.2 Long Blades
 + Level 4.3 Armour
 + Level 0.5 Dodging
 + Level 3.5 Shields


You had 3 spell levels left.
You didn't know any spells.
Your spell library was empty.

Dungeon Overview and Level Annotations

Branches:
Dungeon (4/15)
 Temple: D:4-7

Altars:

Shops:
D:3 *


Innate Abilities, Weirdness & Mutations

You are amphibious.
You cover ground slowly.
You can hop short distances.
You have an extended range of vision and can be seen from far away.


Message History

The ufetubus hits you but does no damage.
The ball python bites you but does no damage.
The ball python constricts you.
The quasit bites you but does no damage.
The quasit claws you.
* * * LOW HITPOINT WARNING * * *
The quasit barely misses you.
You closely miss the quasit.
The quasit is heavily wounded.
The ufetubus barely misses you. You block the ufetubus's attack.
The ball python bites you but does no damage.
The ball python constricts you.
* * * LOW HITPOINT WARNING * * *
The quasit barely misses you.
The quasit claws you but does no damage.
You block the quasit's attack. The ufetubus hits you.
* * * LOW HITPOINT WARNING * * *
The ufetubus hits you.
* * * LOW HITPOINT WARNING * * *
You hit the quasit.
The quasit is severely wounded.
The ufetubus hits you but does no damage.
The ufetubus barely misses you.
The quasit bites you but does no damage.
The quasit claws you but does no damage.
The quasit barely misses you.
The ball python bites you but does no damage.
The ball python constricts you. The ufetubus hits you.
* * * LOW HITPOINT WARNING * * *
The ufetubus hits you but does no damage.
The quasit bites you but does no damage.
The quasit claws you.
* * * LOW HITPOINT WARNING * * *
You block the quasit's attack.
The ball python bites you but does no damage.
The ball python constricts you.
You barely miss the quasit.
The quasit is severely wounded.
The ufetubus hits you.
You die...

#.<. #... ....
.
...##########..
#.............
#.............
#.............
#...).........
#....@#
#...S55.......
+.....#.......
#....<########
###...........
#.....?.....
#...........
#...........
#......S....


You could see a quasit, an ufetubus and a ball python.

Vanquished Creatures
  An orc wizard (D:3)
  A gnoll (D:1)
  An adder (D:3)
  An ufetubus (D:4)
  2 worms
  A dart slug (D:3)
  2 orcs (D:3)
  9 bats
  2 endoplasms
  3 giant cockroaches
  4 hobgoblins
  3 kobolds
  A quokka (D:1)
  3 ball pythons
  6 goblins
  5 rats
45 creatures vanquished.

Notes
Turn   | Place    | Note
-------+----------+-------------------------------------------
     0 | D:1      | wildpjah the Barachi Fighter began the quest for the Orb.
     0 | D:1      | Reached XP level 1. HP: 18/18 MP: 1/1
   388 | D:1      | Reached XP level 2. HP: 13/25 MP: 2/2
   666 | D:1      | Reached XP level 3. HP: 27/30 MP: 3/3
   713 | D:1      | Found a faded altar of an unknown god.
  1645 | D:3      | Found Befreabbio's General Store.
  1810 | D:3      | Reached XP level 4. HP: 37/37 MP: 4/4
  2181 | D:4      | HP: 1/38 [quasit (2)]
  2182 | D:4      | Slain by an ufetubus

Illustrated notes

Levels and vault maps discovered:
D:1:      evilmike_arrival_rings, layout_basic,
          chequers_ecumenical_altar_twisty, st_stairs_11
D:2:      layout_loops_ring
D:3:      layout_rooms, serial_shops, shop, kennysheep_donut,
          kennysheep_minor_cross, minmay_liquid_box
D:4:      layout_gridville, kennysheep_mini, serial_demonic, serial_demonic_c,
          serial_demonic_c, serial_demonic_g, serial_demonic_d,
          item_on_display_a

Skill      XL: |  1  2  3  4 |
---------------+-------------+-----
Long Blades    | 3 4 |  4.2
Armour         | 4 |  4.3
Fighting       | 4 |  4.4
Dodging        | |  0.5
Shields        | |  3.5

Action                     |  1- 3 |  4- 6 || total
---------------------------+-------+-------++-------
  Melee: Long sword        |   129 |    35 ||   164
 Armour: Scale mail        |   100 |    75 ||   175
  Dodge: Dodged            |    78 |    37 ||   115
  Block: Buckler           |    32 |    23 ||    55

Table legend: (Time is in decaauts)
 A = Elapsed time spent in this place.
 B = Non-inter-level travel time spent in this place.
 C = Inter-level travel time spent in this place.
 D = Time resting spent in this place.
 E = Time spent auto-exploring this place.
 F = Levels seen in this place.
 G = Mean time per level.
                   A        B        C        D        E       F      G
               +--------+--------+--------+--------+--------+-----+--------+
         Total |   2585 |   2470 |    115 |      0 |   2060 |   4 |  646.2 |
       Dungeon |   2585 |   2470 |    115 |      0 |   2060 |   4 |  646.2 |
               +--------+--------+--------+--------+--------+-----+--------+

Top non-repeatable levels by time:
     D:1: 1158 daAuts
     D:2: 746 daAuts
     D:3: 658 daAuts
     D:4: 21 daAuts
